Map: Ulrena

Players

ekdnjs

  • Race: Terran Terran
  • League: Platinum

ILLBdA - Winner!

  • Race: Protoss Protoss
  • League: Diamond

VOD

Have the link to the VOD?

Description

Time

  • Played on: Dec. 23, 2015, 12:51 a.m.
  • Length: 7:17
Show
View Real Time Build Order
Export as new Build Order

ekdnjs Terran 

Build Orders:  

Get SALT Encoding   

  12  0:00  SCV  
  13  0:13  SCV  
  14  0:19  Supply Depot  
  14  0:25  SCV  
  15  0:41  SCV  
  15  0:42  Barracks  
  16  0:46  Refinery  
  16  0:53  SCV  
  17  1:05  SCV  
  18  1:17  SCV  
  19  1:29  SCV  
  20  1:43  Orbital Command  
  20  1:44  Marine  
  21  2:01  Marine  
  22  2:41  Barracks Tech Lab  
  21  2:57  Supply Depot  
  21  2:58  Supply Depot  
  21  3:07  Factory  
  21  3:18  SCV, Marine  
  23  3:26  Refinery  
  23  3:30  SCV  
  24  3:36  Marine  
  25  3:42  SCV  
  26  3:52  Factory Tech Lab  
  26  3:53  Marine  
  26  3:54  SCV  
  26  4:06  SCV  
  26  4:19  SCV, Marine  
  28  4:26  Siege Tank  
  28  4:58  Siege Tank  
  13  5:21  Marine  
  14  5:30  Siege Tank  
  17  5:39  Marine  
  18  5:53  Command Center  
  18  6:22  Orbital Command  
  19  6:55  Marine  
Show
View Real Time Build Order
Export as new Build Order

ILLBdA Protoss - Winner!

Build Orders: Cannon Rush 

Get SALT Encoding   

  12  0:00  Probe (Chrono Boost)  
  13  0:11  Probe (Chrono Boost)  
  14  0:18  Pylon  
  14  0:22  Probe (Chrono Boost)  
  15  0:37  Probe (Chrono Boost)  
  15  0:41  Forge  
  16  0:47  Probe (Chrono Boost)  
  17  0:58  Probe (Chrono Boost)  
  18  1:08  Probe (Chrono Boost)  
  19  1:15  Pylon  
  19  1:17  Pylon x2  
  19  1:19  Probe (Chrono Boost)  
  20  1:28  Pylon  
  20  1:38  Photon Cannon  
  20  1:49  Photon Cannon  
  20  1:50  Photon Cannon  
  19  2:06  Photon Cannon  
  19  2:14  Probe (Chrono Boost)  
  20  2:18  Pylon  
  20  2:27  Photon Cannon  
  20  2:33  Photon Cannon  
  20  2:42  Photon Cannon  
  20  2:52  Probe (Chrono Boost)  
  20  3:03  Gateway  
  20  3:05  Assimilator  
  20  3:09  Probe (Chrono Boost), Assimilator  
  21  3:21  Probe (Chrono Boost)  
  22  3:30  Photon Cannon  
  22  3:33  Photon Cannon  
  22  3:47  Pylon  
  22  3:53  Cybernetics Core  
  24  4:04  Gateway  
  24  4:05  Pylon  
  24  4:08  Photon Cannon  
  22  4:21  Pylon  
  22  4:22  Pylon  
  22  4:29  Mothership Core  
  22  4:30  Adept (Chrono Boost)  
  26  4:34  Warp Gate  
  26  4:42  Pylon  
  26  4:47  Pylon  
  26  5:00  Pylon  
  28  5:22  Stargate  
  28  5:23  Sentry (Chrono Boost), Adept (Chrono Boost)  
  30  5:48  Probe  
  33  6:05  Void Ray (Chrono Boost)  
  35  6:21  Nexus  
  35  6:22  Pylon  
  34  6:31  Pylon  
  38  6:57  Probe  
  38  6:58  Adept x2  
Tags
 
Matchup
PvT
Replay Pack
me
Add a new tag
Caveats
  • Supply blocks, unpowered buildings, or Contaminate may cause inaccurate times.
  • Supply counts are checked every 10 seconds.